[Event "Titled Tuesday Blitz October 11 Late 2022"]
[White "Maksimovic, Bojan"]
[Black "Hardaway, Brewington"]
[WhiteFideId "14408120"]
[BlackFideId "30941849"]
[WhiteElo "2447"]
[BlackElo "2159"]
[Result "1/2-1/2"]
[Round "02"]
[TimeControl "180+1"]
[Date "2022.10.11"]
[WhiteClock "0:00:03"]
[BlackClock "0:00:06"]

1. e4 e5 2. Nf3 Nf6 3. Nxe5 d6 4. Nf3 Nxe4 5. d4 d5 6. Bd3 Bd6 7. O-O O-O 8. c4 c6 9. Nc3 Nxc3 10. bxc3 dxc4 11. Bxc4 Bf5 12. Bg5 Qa5 13. Nh4 Be6 14. Bxe6 Qxg5 15. Nf3 Qa5 16. Bb3 Nd7 17. Qd3 h6 18. Rfe1 Nf6 19. g3 Rae8 20. Kg2 Qc7 21. h4 a6 22. Rad1 b5 23. c4 Bb4 24. Rxe8 Rxe8 25. c5 a5 26. Ne5 Re7 27. Qf3 a4 28. Bc2 Nd5 29. Be4 Nc3 30. Re1 Nxe4 31. Rxe4 Bxc5 32. dxc5 Rxe5 33. Rxe5 Qxe5 34. Qxc6 b4 35. Qxa4 Qxc5 36. Qe8+ Kh7 37. Qxf7 Qc6+ 38. Kh2 Qc2 39. h5 Qc5 40. Qf3 Kg8 41. g4 Qe5+ 42. Kg2 Qc5 43. Qa8+ Kh7 44. Qe4+ Kg8 45. Qe6+ Kh8 46. f3 Qc2+ 47. Kg3 Qc7+ 48. Kh3 Qc3 49. Qe8+ Kh7 50. Qe4+ Kh8 51. Qd5 Kh7 52. Kg3 Kh8 53. Kf4 Qc1+ 54. Kf5 Qc2+ 55. Ke6 Qc8+ 56. Ke7 Qc7+ 57. Ke8 Qc8+ 58. Qd8 Qe6+ 59. Kf8 Qxa2 60. Qd4 Qg8+ 61. Ke7 Qb8 62. Qb2 Qb7+ 63. Kf8 Qc8+ 64. Kf7 Qd7+ 65. Kf8 Qd8+ 66. Kf7 Qd7+ 67. Kf8 Qd8+ 68. Kf7 Qd7+ 1/2-1/2


[Site "https://www.chess.com"]

[Event "Titled Tuesday Blitz October 11 Late 2022"]
[White "Mamedov, Rauf"]
[Black "Nasuta, Grzegorz"]
[WhiteFideId "13401653"]
[BlackFideId "1141686"]
[WhiteElo "2650"]
[BlackElo "2442"]
[Result "1/2-1/2"]
[Round "02"]
[TimeControl "180+1"]
[Date "2022.10.11"]
[WhiteClock "0:00:13"]
[BlackClock "0:00:06"]

1. e4 e5 2. Nf3 Nc6 3. Bb5 a6 4. Ba4 Nf6 5. Qe2 b5 6. Bb3 Bc5 7. c3 O-O 8. d3 d6 9. h3 Be6 10. Nbd2 Bb6 11. Nf1 Ne7 12. g4 Ng6 13. Ng3 d5 14. Bg5 Nf4 15. Bxf4 exf4 16. Nf5 dxe4 17. dxe4 Bxb3 18. axb3 Nxe4 19. Qxe4 Re8 20. Ne5 Qf6 21. Qxf4 Qxe5+ 22. Qxe5 Rxe5+ 23. Kf1 Rae8 24. Ng3 g6 25. Kg2 Rd5 26. Rhd1 Red8 27. Rxd5 Rxd5 28. Ne4 Re5 29. Kf3 f5 30. Nf6+ Kg7 31. Nd7 fxg4+ 32. hxg4 Rd5 33. Nxb6 cxb6 34. Rxa6 b4 35. cxb4 Rd3+ 36. Ke4 Rxb3 37. Rxb6 Rxb2 38. f4 h5 39. Rb7+ Kf6 40. g5+ Ke6 41. Rb6+ Kf7 42. Kd5 h4 43. Rb7+ Kg8 44. Ke6 Rd2 45. Ra7 h3 46. Ra3 h2 47. Rh3 Kg7 48. b5 Rb2 49. Rh4 Rxb5 50. Rxh2 Rf5 51. Rf2 Kg8 52. Rf3 Kg7 53. Kd7 Kg8 54. Kd6 Kg7 55. Re3 Rxf4 56. Re7+ Kg8 57. Re5 Kg7 58. Ke6 Kg8 59. Rd5 Kg7 60. Rd8 Rf3 61. Rd7+ Kg8 62. Re7 Rf4 63. Ra7 Rf5 64. Rb7 Rxg5 65. Kf6 Rg1 66. Rb2 Rf1+ 67. Kg5 Rg1+ 68. Kh6 Rh1+ 69. Kg5 Rg1+ 70. Kf6 Rf1+ 71. Kxg6 Rg1+ 72. Kf5 Rf1+ 73. Kg4 Rg1+ 74. Kf3 Rf1+ 75. Rf2 Rxf2+ 76. Kxf2 1/2-1/2


[Site "https://www.chess.com"]

[Event "Titled Tuesday Blitz October 11 Late 2022"]
[White "Maris, Ivo"]
[Black "Bongo Akanga Ndjila, Barthelemy"]
[WhiteFideId "1028146"]
[BlackFideId "10609431"]
[WhiteElo "2534"]
[BlackElo "1768"]
[Result "0-1"]
[Round "02"]
[TimeControl "180+1"]
[Date "2022.10.12"]
[WhiteClock "0:02:26"]
[BlackClock "0:01:35"]

1. b4 d5 2. Bb2 a5 3. b5 Nd7 4. f4 Ngf6 5. Nf3 Nc5 6. a4 b6 7. e3 Bb7 8. Nc3 g6 9. Ne2 Bg7 10. Ned4 O-O 11. Ne5 Nfe4 12. d3 Nd6 13. h4 f6 14. Nec6 Qd7 15. h5 e5 16. hxg6 hxg6 17. Qf3 exd4 18. exd4 Ne6 19. Qxd5 Bxc6 20. bxc6 Qf7 21. g3 Nf5 22. Bh3 Rae8 23. Bxf5 Nxf4+ 24. Qe4 gxf5 0-1


[Site "https://www.chess.com"]

[Event "Titled Tuesday Blitz October 11 Late 2022"]
[White "Martin Carmona, Gaston Manuel"]
[Black "Torres Boch, Jose Francisco"]
[WhiteFideId "22284567"]
[BlackFideId "2278383"]
[WhiteElo "2235"]
[BlackElo "2073"]
[Result "0-1"]
[Round "02"]
[TimeControl "180+1"]
[Date "2022.10.12"]
[WhiteClock "0:01:08"]
[BlackClock "0:01:04"]

1. d4 Nf6 2. c4 e6 3. Nc3 Bb4 4. e3 O-O 5. Bd3 c5 6. Nf3 cxd4 7. exd4 d5 8. O-O dxc4 9. Bxc4 b6 10. Bg5 Bb7 11. Re1 h6 12. Bh4 Nbd7 13. Rc1 Rc8 14. Bb3 Qc7 15. Bg3 Qd8 16. Qd3 Nc5 17. Qd1 Nxb3 18. Qxb3 Be7 19. Ne5 Qxd4 20. Rcd1 Qb4 21. Nd7 Qxb3 22. axb3 Rfd8 23. Ne5 Rxd1 24. Rxd1 Rd8 25. Rxd8+ Bxd8 26. Nc4 Ne4 27. Nxe4 Bxe4 28. Bb8 a6 29. Ba7 b5 30. Ne3 Bf6 31. f3 Bd3 32. Kf2 Bxb2 33. Bb6 Bc3 34. Nd1 Bb4 35. Ke3 Bc2 36. Nf2 Bxb3 37. Ne4 a5 38. Nc5 Bc4 39. Nb7 a4 40. Na5 Bd5 41. Kd3 a3 42. Kc2 a2 0-1


[Site "https://www.chess.com"]

[Event "Titled Tuesday Blitz October 11 Late 2022"]
[White "Mazurkiewicz, Michal"]
[Black "Gardezi, Arsal"]
[WhiteFideId "1124943"]
[BlackFideId "30949521"]
[WhiteElo "2063"]
[BlackElo "1906"]
[Result "1-0"]
[Round "02"]
[TimeControl "180+1"]
[Date "2022.10.12"]
[WhiteClock "0:00:09"]
[BlackClock "0:00:52"]

1. e4 e5 2. f3 Nc6 3. Bb5 Nf6 4. Ne2 Bc5 5. c3 Bb6 6. d4 O-O 7. Be3 d5 8. Bxc6 bxc6 9. exd5 Nxd5 10. Bf2 exd4 11. cxd4 Re8 12. O-O Ba6 13. Re1 Ba5 14. Nbc3 Bxe2 15. Rxe2 Bxc3 16. Rxe8+ Qxe8 17. bxc3 Nxc3 18. Qc2 Ne2+ 19. Kf1 Nf4 20. Re1 Qd7 21. Rc1 c5 22. Qxc5 Nd3 23. Qc6 Qd8 24. Rd1 Nf4 25. d5 Rb8 26. Bxa7 Rb2 27. Qc1 Qf6 28. Bd4 Qa6+ 29. Kg1 Rxg2+ 30. Kh1 Qh6 31. Bg1 Qg5 32. Rd2 Ne2 33. Rxe2 Qxc1 34. Re8# 1-0


[Site "https://www.chess.com"]

[Event "Titled Tuesday Blitz October 11 Late 2022"]
[White "Meduri, Aakaash"]
[Black "Curtis, John"]
[WhiteFideId "2032252"]
[BlackFideId "3200256"]
[WhiteElo "2113"]
[BlackElo "2203"]
[Result "0-1"]
[Round "02"]
[TimeControl "180+1"]
[Date "2022.10.12"]
[WhiteClock "0:00:09"]
[BlackClock "0:00:15"]

1. d4 Nf6 2. c3 e6 3. Nf3 d5 4. Bf4 Bd6 5. e3 c5 6. Bd3 Nc6 7. Nbd2 Qc7 8. dxc5 Bxf4 9. exf4 Qxf4 10. O-O O-O 11. Re1 a5 12. Qc2 h6 13. a3 a4 14. g3 Qc7 15. c4 d4 16. Rad1 Qa5 17. Ne4 Nd7 18. Nd6 Qxc5 19. Nb5 e5 20. Be4 Nf6 21. Bxc6 Qxc6 22. Nxe5 Qc5 23. Rxd4 Be6 24. Nd3 Qh5 25. Nf4 Qf5 26. Qxf5 Bxf5 27. Nd6 Bg4 28. Re7 b6 29. Kg2 Rad8 30. h3 Bc8 31. Nb5 Ba6 32. Rxd8 Rxd8 33. Re2 Bxb5 34. cxb5 g5 35. Ne6 fxe6 36. Rxe6 Nd5 37. Rxh6 Kg7 38. Rc6 Rd7 39. h4 g4 40. f3 gxf3+ 41. Kxf3 Nf6 42. g4 Rd3+ 43. Ke2 Rb3 44. g5 Nd5 45. Kd2 Nf4 46. Kc2 Rxb5 47. Rc7+ Kg6 48. Rc6+ Kg7 49. Rc7+ Kg6 50. Rc6+ Kf5 51. Rf6+ Kg4 52. g6 Nh5 53. Rd6 Kxh4 54. Kc3 Rc5+ 55. Kb4 Rg5 56. Rxb6 Nf4 57. Kxa4 Nxg6 58. b4 Ne5 59. Rg6 Rxg6 60. Ka5 Nc4+ 61. Kb5 Nxa3+ 62. Ka4 Kg5 63. Kxa3 Kf5 64. Ka4 Ke5 65. Ka5 Kd5 66. b5 Kc5 0-1


[Site "https://www.chess.com"]

[Event "Titled Tuesday Blitz October 11 Late 2022"]
[White "Meissner, Felix"]
[Black "Zhukov, Maksim"]
[WhiteFideId "24671827"]
[BlackFideId "34181790"]
[WhiteElo "2350"]
[BlackElo "1929"]
[Result "1/2-1/2"]
[Round "02"]
[TimeControl "180+1"]
[Date "2022.10.12"]
[WhiteClock "0:00:18"]
[BlackClock "0:00:05"]

1. e4 d5 2. exd5 Nf6 3. d4 Nxd5 4. Nf3 Bg4 5. Be2 e6 6. O-O Be7 7. h3 Bh5 8. c4 Nb6 9. Be3 O-O 10. Nbd2 Nc6 11. b3 Bg6 12. a4 a5 13. c5 Nd5 14. Nc4 Bf6 15. Qd2 h6 16. Rad1 Ncb4 17. Nfe5 Bxe5 18. Nxe5 Bf5 19. Bc4 f6 20. Nf3 Be4 21. Nh2 Qe7 22. Rfe1 Qf7 23. Bf4 Nxf4 24. Qxf4 Bd5 25. Ng4 Rad8 26. Qg3 Kh8 27. Ne3 c6 28. Nxd5 exd5 29. Bd3 Nxd3 30. Rxd3 Rfe8 31. Rde3 f5 32. Qf4 Re4 33. Rxe4 dxe4 34. Rxe4 Qxb3 35. Qxf5 Qd1+ 36. Kh2 Qxa4 37. Re7 Qxd4 38. Rxb7 Qd5 39. Qg4 Qe5+ 40. f4 Qd4 41. Rc7 a4 42. Rxc6 a3 43. Ra6 Qb2 44. c6 Qc3 45. Ra7 a2 46. c7 Rg8 47. Rxa2 Qxc7 48. Rf2 Rf8 49. g3 Qc5 50. Qf3 Qd4 51. h4 Rb8 52. Kg2 Rb1 53. Re2 Rb8 54. f5 Rb2 55. Rxb2 Qxb2+ 56. Kh3 Qf6 57. Kg4 Kh7 58. Qe4 Kh8 59. Qe8+ Kh7 60. Qe6 Qd4+ 61. Kh3 Qc3 62. Qg6+ Kh8 63. Qe8+ Kh7 64. Qe4 Qf6 65. g4 Qc3+ 66. Kg2 Qd2+ 67. Kf3 Qc3+ 68. Kf4 Qd2+ 69. Qe3 Qb4+ 70. Kg3 Qd6+ 71. Qf4 Qd3+ 72. Qf3 Qd6+ 73. Kh3 Qd2 74. f6 gxf6 75. Qf5+ Kg7 76. h5 Qe3+ 77. Kg2 Qe2+ 78. Kg3 Qe3+ 79. Kg2 Qe2+ 80. Kh3 Qe3+ 81. Kh4 Qe1+ 82. Kh3 Qe3+ 1/2-1/2


[Site "https://www.chess.com"]

[Event "Titled Tuesday Blitz October 11 Late 2022"]
[White "Mekhane, Adam"]
[Black "Leiva, Gianmarco"]
[WhiteFideId "36050601"]
[BlackFideId "3804399"]
[WhiteElo "2175"]
[BlackElo "2285"]
[Result "1-0"]
[Round "02"]
[TimeControl "180+1"]
[Date "2022.10.12"]
[WhiteClock "0:00:07"]
[BlackClock "0:00:11"]

1. e4 c5 2. Nf3 d6 3. Bb5+ Nd7 4. a4 a6 5. Be2 Ngf6 6. Nc3 b6 7. d3 Bb7 8. O-O g6 9. h3 Bg7 10. Be3 O-O 11. Qd2 d5 12. exd5 Nxd5 13. Nxd5 Bxd5 14. c3 Re8 15. d4 c4 16. Qc2 Qc7 17. Nd2 Qc6 18. Bf3 Rac8 19. Bxd5 Qxd5 20. Nf3 h6 21. Rfe1 e6 22. Qd2 Kh7 23. Re2 b5 24. Ree1 g5 25. Qc2+ Qf5 26. Qxf5+ exf5 27. axb5 axb5 28. Bd2 Re4 29. Kf1 Kg8 30. Ra5 Rb8 31. Be3 Bf8 32. Bd2 Bd6 33. Ng1 Kf8 34. f3 Rxe1+ 35. Kxe1 Nf6 36. Kf2 Nd5 37. Ne2 Ke7 38. g3 Rb7 39. h4 f6 40. f4 g4 41. Nc1 Kd7 42. b4 Kc6 43. Ra6+ Nb6 44. Ne2 Re7 45. d5+ Kb7 46. Ra5 Nxd5 47. Rxb5+ Nb6 48. Be3 Bc7 49. Rxf5 Kc8 50. Rxf6 Rxe3 51. Rf8+ Kd7 52. Kxe3 Ke7 53. Rh8 Nd5+ 54. Kd4 Nb6 55. Rh7+ Kd8 56. Rxc7 Na4 57. Rxc4 Nb2 58. f5 Nxc4 59. Kxc4 h5 60. Kd5 Ke7 61. Ke4 Kf6 62. Nf4 Kf7 63. Nxh5 Ke7 64. Nf4 Kd7 65. h5 Ke7 66. h6 Kf6 67. b5 Kg5 68. b6 Kf6 69. b7 Kg5 70. b8=Q Kf6 71. Qd8+ Kf7 72. h7 Kg7 73. h8=Q+ Kf7 74. Qdf8# 1-0


[Site "https://www.chess.com"]

[Event "Titled Tuesday Blitz October 11 Late 2022"]
[White "Melikhov, Evgeny V."]
[Black "Aung Thant Zin"]
[WhiteFideId "4122046"]
[BlackFideId "13000063"]
[WhiteElo "2169"]
[BlackElo "2278"]
[Result "1-0"]
[Round "02"]
[TimeControl "180+1"]
[Date "2022.10.12"]
[WhiteClock "0:00:07"]
[BlackClock "0:00:22"]

1. d4 Nf6 2. Bg5 Ne4 3. Bh4 d5 4. f3 Nf6 5. Bxf6 exf6 6. e3 Bd6 7. Bd3 c6 8. Nd2 O-O 9. Qe2 Re8 10. O-O-O Nd7 11. Qf2 Nf8 12. Ne2 Qc7 13. Kb1 a5 14. c4 dxc4 15. Nxc4 Be7 16. e4 b5 17. Ne3 Qb6 18. Rc1 Be6 19. Rhd1 Red8 20. g4 a4 21. Nf5 Bxf5 22. gxf5 c5 23. dxc5 Qc7 24. c6 a3 25. Bxb5 axb2 26. Kxb2 Rdb8 27. Nc3 Ba3+ 28. Ka1 Bb4 29. Qd4 Bxc3+ 30. Rxc3 Rxb5 31. Qd6 Qa5 32. Rc2 Rc8 33. c7 Rb7 34. Rdc1 Qe5+ 35. Qxe5 fxe5 36. a4 Nd7 37. Ka2 Nb6 38. Ka3 Na8 39. a5 Rcxc7 40. Rxc7 Rxc7 41. Rxc7 Nxc7 42. Kb4 Kf8 43. Kc5 Ke8 44. Kd6 f6 45. Kxc7 Ke7 46. a6 g6 47. a7 gxf5 48. a8=Q fxe4 49. fxe4 Kf7 50. Kd7 Kg6 51. Ke6 Kg5 52. Qf8 Kf4 53. Qxf6+ Kxe4 54. Qxe5+ Kf3 55. Qh5+ 1-0


[Site "https://www.chess.com"]

[Event "Titled Tuesday Blitz October 11 Late 2022"]
[White "Melikyan, Gnel"]
[Black "Melkumyan, Hrant"]
[WhiteFideId "54109990"]
[BlackFideId "13302485"]
[WhiteElo "2138"]
[BlackElo "2604"]
[Result "0-1"]
[Round "02"]
[TimeControl "180+1"]
[Date "2022.10.11"]
[WhiteClock "0:00:20"]
[BlackClock "0:01:06"]

1. e4 c6 2. Nf3 d5 3. Nc3 Bg4 4. h3 Bxf3 5. Qxf3 e6 6. d4 Nf6 7. exd5 cxd5 8. Bg5 Nc6 9. Bxf6 Qxf6 10. Qxf6 gxf6 11. O-O-O Kd7 12. a3 Bd6 13. Be2 f5 14. Bh5 Raf8 15. g4 fxg4 16. hxg4 h6 17. Rhe1 Ne7 18. Rd3 Rhg8 19. Kb1 f5 20. Rde3 Rf6 21. f3 Rg5 22. b4 Nc6 23. Ne2 fxg4 24. Bxg4 h5 25. Bh3 Nd8 26. c3 Rgg6 27. Kc2 Nf7 28. f4 Nd8 29. Kd3 Bxf4 30. Rf3 Bd6 31. Rxf6 Rxf6 32. Ke3 Bf8 33. Rg1 Bh6+ 0-1


[Site "https://www.chess.com"]

[Event "Titled Tuesday Blitz October 11 Late 2022"]
[White "Mickiewicz, Piotr"]
[Black "Talibov, Shiroghlan"]
[WhiteFideId "1114891"]
[BlackFideId "13429078"]
[WhiteElo "2246"]
[BlackElo "2242"]
[Result "0-1"]
[Round "02"]
[TimeControl "180+1"]
[Date "2022.10.12"]
[WhiteClock "0:00:10"]
[BlackClock "0:01:11"]

1. Nf3 d5 2. g3 Bg4 3. Bg2 Nd7 4. c3 e5 5. d3 Bd6 6. O-O f5 7. Qb3 Nb6 8. a4 a5 9. Ng5 Nf6 10. e4 fxe4 11. dxe4 h6 12. h3 Be2 13. Ne6 Qd7 14. exd5 Bc4 15. Qc2 Nfxd5 16. Qg6+ Qf7 17. Nxg7+ Kf8 18. Qxf7+ Kxf7 19. Nf5 Bxf1 20. Kxf1 h5 21. Nxd6+ cxd6 22. Na3 Ke6 23. Nb5 Rac8 24. Ke2 Rhf8 25. h4 Rc4 26. Bh3+ Kf6 27. Nxd6 Rxa4 28. Bg5+ Kg6 29. Rd1 Ra2 30. Rd2 a4 31. c4 a3 32. bxa3 Nc3+ 33. Ke1 Ra1+ 34. Rd1 Rxd1# 0-1


[Site "https://www.chess.com"]

[Event "Titled Tuesday Blitz October 11 Late 2022"]
[White "Mikhailov, Viacheslav"]
[Black "Duda, Jan-Krzysztof"]
[WhiteFideId "4187369"]
[BlackFideId "1170546"]
[WhiteElo "2381"]
[BlackElo "2779"]
[Result "0-1"]
[Round "02"]
[TimeControl "180+1"]
[Date "2022.10.11"]
[WhiteClock "0:00:00"]
[BlackClock "0:00:31"]

1. Nf3 c5 2. g3 d5 3. Bg2 g6 4. O-O Bg7 5. d4 cxd4 6. Nxd4 e5 7. Nb3 Ne7 8. c4 d4 9. e3 O-O 10. exd4 exd4 11. Na3 Nec6 12. Bf4 g5 13. Bd2 Bf5 14. Nc5 b6 15. Ne4 h6 16. Nb5 Bg6 17. f4 f5 18. Nf2 a6 19. Nd3 g4 20. Re1 Bf7 21. Ne5 Nxe5 22. fxe5 axb5 23. e6 Bxe6 24. Rxe6 Ra7 25. cxb5 Re7 26. Qb3 Rxe6 27. Qxe6+ Kh7 28. Rf1 Rf6 29. Qd5 Qxd5 30. Bxd5 Kg6 31. a4 Nd7 32. b4 Rd6 33. Bc6 d3 34. a5 Bd4+ 35. Kg2 bxa5 36. bxa5 Ne5 37. Rc1 Bb2 38. Rc5 Re6 39. Bd5 Re8 40. a6 Bd4 41. Rc7 Rd8 42. Bb7 h5 43. Rc8 Rxc8 44. Bxc8 Nc4 45. Bf4 d2 46. Bxd2 Nxd2 47. Bd7 Kg5 48. Be8 h4 0-1


[Site "https://www.chess.com"]

[Event "Titled Tuesday Blitz October 11 Late 2022"]
[White "Naroditsky, Daniel"]
[Black "Levitskiy, Andrey"]
[WhiteFideId "2026961"]
[BlackFideId "14132885"]
[WhiteElo "2628"]
[BlackElo "2318"]
[Result "1-0"]
[Round "02"]
[TimeControl "180+1"]
[Date "2022.10.11"]
[WhiteClock "0:00:05"]
[BlackClock "0:00:05"]

1. e4 c5 2. Nf3 d6 3. Bb5+ Nc6 4. O-O Bd7 5. Re1 Nf6 6. c3 a6 7. Bf1 Bg4 8. h3 Bxf3 9. Qxf3 e6 10. d3 Be7 11. Nd2 O-O 12. Qd1 b5 13. Nf3 d5 14. e5 Nd7 15. d4 Qb6 16. Bd3 Rfe8 17. a3 Nf8 18. Be3 Rac8 19. b4 c4 20. Bc2 a5 21. h4 Ra8 22. Ng5 Bxg5 23. Bxg5 Ne7 24. Re3 Nf5 25. Rf3 axb4 26. axb4 h6 27. Bd2 Nxh4 28. Rh3 Nhg6 29. f4 Rxa1 30. Qxa1 Re7 31. g4 Ra7 32. Qb1 Ne7 33. f5 Qa6 34. f6 gxf6 35. exf6 Neg6 36. Qc1 Qa1 37. Bb1 Qa3 38. Qc2 Qb3 39. Qxb3 cxb3 40. Kf2 Ra1 41. Rh1 Nd7 42. g5 hxg5 43. Bxg5 b2 44. Ke2 Nb6 45. Kd2 Nc4+ 46. Kc2 e5 47. dxe5 Ngxe5 48. Bh6 Ng6 49. Bg7 Ra7 50. Re1 Ra8 51. Kb3 Rc8 52. Bd3 b1=Q+ 53. Bxb1 Nd2+ 54. Kb2 Ne4 55. Bxe4 dxe4 56. Rxe4 Rc6 57. Rd4 Kh7 58. Rd5 Nf4 59. Rxb5 Kg6 60. Kb3 Ne2 61. Rc5 Rd6 62. Kc4 Rd1 63. b5 Rc1 64. Kd3 Nf4+ 65. Kd2 Rb1 66. c4 Ne6 67. Rc6 Rb3 68. Rd6 Kf5 69. Kc2 Rb4 70. Kc3 Rb1 71. Rd5+ Ke4 72. Rd7 Nc5 73. Re7+ Kf3 74. Rxf7 Ne4+ 75. Kd4 Rd1+ 76. Ke5 Ng5 77. Rc7 Re1+ 78. Kf5 Ne6 79. Re7 Nd4+ 80. Kg6 Rg1+ 81. Kh7 Nf5 82. Rd7 Rh1+ 83. Kg6 Rc1 84. Kxf5 1-0


[Site "https://www.chess.com"]

[Event "Titled Tuesday Blitz October 11 Late 2022"]
[White "O`Gorman, Tom"]
[Black "Aguilar, Juan"]
[WhiteFideId "2508249"]
[BlackFideId "3800091"]
[WhiteElo "2271"]
[BlackElo "2371"]
[Result "1-0"]
[Round "02"]
[TimeControl "180+1"]
[Date "2022.10.12"]
[WhiteClock "0:01:19"]
[BlackClock "0:00:01"]

1. e4 c5 2. Nf3 d6 3. d4 cxd4 4. Nxd4 Nf6 5. Nc3 a6 6. Bg5 e6 7. f4 h6 8. Bh4 Be7 9. Qf3 Nbd7 10. O-O-O Qc7 11. g4 g5 12. fxg5 Ne5 13. Qe2 Nfxg4 14. h3 hxg5 15. Bg3 Nf6 16. Bg2 Bd7 17. Nf3 Nh5 18. Bh2 Nf4 19. Qd2 Neg6 20. Rhg1 O-O-O 21. Bf1 Qc5 22. Rg3 Bc6 23. Bg1 Qa5 24. Bd4 Rh5 25. Kb1 Ne5 26. Qf2 Kc7 27. Nd2 f5 28. Nb3 Qb4 29. a3 Qxb3 30. cxb3 fxe4 31. Bb6+ Kc8 32. Bxd8 Bxd8 33. Re3 d5 34. b4 Bb6 35. Qe1 Bxe3 36. Qxe3 1-0


[Site "https://www.chess.com"]

[Event "Titled Tuesday Blitz October 11 Late 2022"]
[White "Onslow, Alfie"]
[Black "Grinev, Valeriy"]
[WhiteFideId "436976"]
[BlackFideId "14117517"]
[WhiteElo "2015"]
[BlackElo "2365"]
[Result "0-1"]
[Round "02"]
[TimeControl "180+1"]
[Date "2022.10.12"]
[WhiteClock "0:00:01"]
[BlackClock "0:00:49"]

1. Nf3 c5 2. g3 Nc6 3. Bg2 g6 4. O-O Bg7 5. d3 e5 6. e4 d6 7. Nc3 Nge7 8. a4 O-O 9. Nd2 Be6 10. Nc4 d5 11. exd5 Nxd5 12. Nxd5 Bxd5 13. c3 f5 14. Bxd5+ Qxd5 15. Ne3 Qf7 16. Qf3 Rad8 17. Ng2 Qd5 18. Qxd5+ Rxd5 19. Be3 b6 20. Ne1 f4 21. Bc1 g5 22. f3 h5 23. Rb1 Kf7 24. b4 cxb4 25. cxb4 Nd4 26. Bb2 Rc8 27. Rf2 Ke6 28. a5 b5 29. Kf1 Nf5 30. gxf4 gxf4 31. Re2 Bf6 32. Ng2 Kd6 33. Nxf4 exf4 34. Bxf6 Ne3+ 35. Kf2 Rxd3 36. Bg5 Ke5 37. Rbe1 Rcc3 38. h4 Kf5 39. Rg1 Rb3 40. Rge1 a6 41. Rc1 Rxb4 42. Rc5+ Rd5 43. Rxd5+ Nxd5 44. Rd2 Ne3 45. Rd6 Rb2+ 46. Ke1 b4 47. Rxa6 b3 48. Rb6 Nc4 49. Rb5+ Ke6 50. Bxf4 Rb1+ 51. Ke2 b2 52. a6 Ra1 53. Rb4 b1=Q 0-1


[Site "https://www.chess.com"]

[Event "Titled Tuesday Blitz October 11 Late 2022"]
[White "Osmonbekov, Talaibek"]
[Black "Migot, Tangi"]
[WhiteFideId "2017253"]
[BlackFideId "662445"]
[WhiteElo "2135"]
[BlackElo "2501"]
[Result "0-1"]
[Round "02"]
[TimeControl "180+1"]
[Date "2022.10.12"]
[WhiteClock "0:00:03"]
[BlackClock "0:01:03"]

1. d4 Nf6 2. Bf4 g6 3. Nc3 d5 4. e3 c6 5. h4 Bg7 6. Nf3 Bg4 7. Qd2 Bxf3 8. gxf3 Nbd7 9. O-O-O b5 10. e4 b4 11. Ne2 dxe4 12. fxe4 Nxe4 13. Qe3 Nef6 14. Bg2 O-O 15. Bxc6 Rc8 16. Bb7 Qa5 17. Kb1 Nd5 18. Bxd5 Qxd5 19. h5 Nf6 20. hxg6 fxg6 21. f3 Nh5 22. Bh6 Rxf3 23. Qd2 Bxh6 24. Qxh6 Rf2 25. Qe3 Qf5 26. Rd2 Rf1+ 27. Rxf1 Qxf1+ 28. Nc1 Qf6 29. d5 Ng7 30. Qxa7 Nf5 31. Qd7 Nd6 32. Re2 Re8 33. Re6 Qf7 34. a4 bxa3 35. bxa3 Rb8+ 36. Ka2 Rb7 37. Qd8+ Qf8 38. Qa5 Qc8 39. Qd2 Rc7 0-1


[Site "https://www.chess.com"]

[Event "Titled Tuesday Blitz October 11 Late 2022"]
[White "Owen, Michael"]
[Black "Sai Krishna G V"]
[WhiteFideId "7104820"]
[BlackFideId "5028280"]
[WhiteElo "1943"]
[BlackElo "2359"]
[Result "0-1"]
[Round "02"]
[TimeControl "180+1"]
[Date "2022.10.12"]
[WhiteClock "0:00:06"]
[BlackClock "0:01:13"]

1. e4 g6 2. d4 Bg7 3. Nc3 c5 4. Be3 Nc6 5. Nge2 Nf6 6. f3 cxd4 7. Nxd4 O-O 8. Bc4 Na5 9. Bb3 Nxb3 10. axb3 d5 11. e5 Ne8 12. f4 f6 13. Nf3 fxe5 14. fxe5 Nc7 15. h3 Rxf3 16. Qxf3 Bxe5 17. O-O Bf5 18. g4 Bxc2 19. Qf7+ Kh8 20. Rf2 Bxb3 21. Raf1 d4 22. Qxb3 dxe3 23. Rf8+ Qxf8 24. Rxf8+ Rxf8 25. Qxb7 Bxc3 26. Qxc7 Bd4 27. Qxe7 Kg8 28. Kg2 Bb6 29. b4 Rf2+ 30. Kg3 e2 31. Qe6+ Kf8 32. Qd6+ Ke8 33. Qe6+ Kd8 34. Qd6+ Kc8 35. Qc6+ Kb8 36. Qe8+ Kc7 37. Qe7+ Kc6 38. Qe8+ Kd5 39. Qd7+ Kc4 40. Qe6+ Kxb4 41. Qxb6+ axb6 42. Kxf2 Kc3 43. Kxe2 b5 44. h4 Kd4 45. g5 Ke5 46. Kd3 Kf5 47. Kc3 Kg4 48. Kb4 Kxh4 49. Kxb5 Kxg5 50. Kc4 Kf4 51. Kd3 Kf3 52. Kd2 Kf2 0-1


[Site "https://www.chess.com"]

[Event "Titled Tuesday Blitz October 11 Late 2022"]
[White "Ozates, Tuna"]
[Black "Makarian, Rudik"]
[WhiteFideId "6354521"]
[BlackFideId "44105681"]
[WhiteElo "2151"]
[BlackElo "2405"]
[Result "0-1"]
[Round "02"]
[TimeControl "180+1"]
[Date "2022.10.12"]
[WhiteClock "0:00:17"]
[BlackClock "0:00:20"]

1. e4 c5 2. Nc3 e6 3. g3 Nc6 4. Bg2 g6 5. d3 Bg7 6. Be3 d6 7. Qd2 h5 8. f4 Nd4 9. Nd1 Ne7 10. c3 Ndc6 11. Nf3 b6 12. Nf2 Bb7 13. O-O Qd7 14. d4 cxd4 15. Nxd4 O-O 16. Rad1 Rfd8 17. Nh3 d5 18. f5 Nxd4 19. Bxd4 exf5 20. Bxg7 Kxg7 21. exd5 Nxd5 22. c4 Nf6 23. Qxd7 Rxd7 24. Rxd7 Bxg2 25. Rxf7+ Kxf7 26. Ng5+ Kg7 27. Kxg2 Ng4 28. Re1 Rc8 29. b3 b5 30. h4 bxc4 31. bxc4 Rxc4 32. Re7+ Kf8 33. Rxa7 Rc2+ 34. Kf3 Rf2# 0-1


[Site "https://www.chess.com"]

[Event "Titled Tuesday Blitz October 11 Late 2022"]
[White "P., Komal Kishore"]
[Black "Girsh, Daniel"]
[WhiteFideId "5016703"]
[BlackFideId "30949190"]
[WhiteElo "2101"]
[BlackElo "2075"]
[Result "0-1"]
[Round "02"]
[TimeControl "180+1"]
[Date "2022.10.12"]
[WhiteClock "0:00:05"]
[BlackClock "0:00:26"]

1. e4 c5 2. f4 Nc6 3. Nf3 g6 4. Bc4 Bg7 5. d3 e6 6. f5 Nge7 7. fxe6 fxe6 8. O-O O-O 9. Nc3 a6 10. a4 d5 11. Bb3 Nd4 12. Nxd4 cxd4 13. Rxf8+ Qxf8 14. Ne2 dxe4 15. dxe4 Nc6 16. Qe1 Kh8 17. Qh4 Qc5 18. Kh1 Bd7 19. Bh6 Rf8 20. Bxg7+ Kxg7 21. Nf4 Qe5 22. Nd3 Qf6 23. Qxf6+ Rxf6 24. e5 Rf5 25. Re1 b6 26. h3 Na5 27. Re4 Nc6 28. Bc4 a5 29. b3 Kf7 30. Kh2 Ke7 31. g4 Rf3 32. Kg2 Rf8 33. Bb5 g5 34. Kg3 Rc8 35. h4 h6 36. hxg5 hxg5 37. Nf2 Be8 38. Bxc6 Rxc6 39. Rxd4 Rxc2 40. Ne4 Rb2 41. Nxg5 Rxb3+ 42. Kh4 Rb4 43. Rd6 Bd7 44. Kh5 b5 45. axb5 Rxb5 46. Nf3 Be8+ 47. Kh6 a4 48. Ra6 Rb3 49. Nd4 Rh3+ 50. Kg5 a3 51. Kf4 Bd7 52. g5 Rh4+ 53. Kg3 Rxd4 54. g6 Rd1 55. Kf2 Rd4 56. Rxa3 Rg4 57. Rg3 Rxg3 58. Kxg3 Kf8 59. Kf4 Kg7 60. Kg5 Be8 61. Kf4 Bxg6 62. Ke3 Bf5 63. Kf4 Kg6 0-1


[Site "https://www.chess.com"]

[Event "Titled Tuesday Blitz October 11 Late 2022"]
[White "Pert, Richard G"]
[Black "miragha_yev"]
[WhiteFideId "404748"]
[WhiteElo "2441"]
[BlackElo "2785"]
[Result "0-1"]
[Round "02"]
[TimeControl "180+1"]
[Date "2022.10.12"]
[WhiteClock "0:00:08"]
[BlackClock "0:01:23"]

1. e4 d6 2. d4 Nf6 3. Nc3 e5 4. Nf3 exd4 5. Nxd4 Be7 6. g3 O-O 7. Bg2 c6 8. O-O Re8 9. Re1 Bf8 10. h3 a5 11. a4 Na6 12. b3 Nc5 13. Bb2 Qc7 14. Qd2 Be6 15. Rad1 Rad8 16. Nxe6 Nxe6 17. f4 Nc5 18. Kh2 Nfd7 19. h4 Nf6 20. Bf3 h5 21. f5 Ncd7 22. Ne2 Ne5 23. Bxe5 dxe5 24. Qg5 Rxd1 25. Rxd1 Rd8 26. Rxd8 Qxd8 27. Bxh5 Qd1 28. Bf3 Qxc2 29. h5 Nxe4 30. Bxe4 Qxe4 31. Ng1 Qc2+ 32. Kh3 Qd1 33. Kh2 Bc5 34. Nh3 Qe2+ 35. Kh1 Qf3+ 36. Kh2 Be3 37. Qd8+ Kh7 38. Ng5+ Bxg5 39. Qxg5 Qxb3 40. h6 gxh6 41. Qe7 Qc2+ 42. Kg1 Qxf5 43. Qxb7 e4 44. Qxc6 e3 45. Qe8 Qf2+ 46. Kh1 Qf3+ 47. Kh2 e2 48. g4 Qf2+ 49. Kh3 e1=Q 0-1


[Site "https://www.chess.com"]